 Dungeon Crawl Stone Soup version 0.19.0-18-g426998a (webtiles) character file.

338 dysrexia the Cutter (level 6, -7/32 HPs)
             Began as a Spriggan Monk on Nov 11, 2016.
             Shot with an arrow by a centaur (9 damage)
             ... on level 4 of the Dungeon.
             The game lasted 00:08:57 (3289 turns).

dysrexia the Cutter (Spriggan Monk)                 Turns: 3289, Time: 00:08:58

Health: -7/32      AC:  3    Str:  7    XL:     6   Next: 29%
Magic:  7/7        EV: 20    Int: 11    God:
Gold:   144        SH:  0    Dex: 21    Spells: 0 memorised, 5 levels left

rFire  . . .     SeeInvis +     n - +0 rapier
rCold  . . .     Gourm    .     b - +0 robe
rNeg   . . .     Faith    .     (shield restricted)
rPois  .         Spirit   .     (helmet restricted)
rElec  .         Reflect  .     i - +0 cloak
rCorr  .         Harm     .     (gloves unavailable)
MR     +....                    (boots unavailable)
Stlth  ++++......               g - amulet of inaccuracy (curse)
                                (no ring)
                                (no ring)

@: very quick
A: unfitting armour, see invisible, herbivore 3, speed 3, slow metabolism 2
a: no special abilities


You were on level 4 of the Dungeon.
You were not hungry.

You visited 1 branch of the dungeon, and saw 4 of its levels.

You collected 144 gold pieces.

Inventory:

Hand Weapons
 a - a +0 short sword
 n - a +0 rapier (weapon)
Missiles
 e - 3 curare-tipped needles
 h - 39 stones (quivered)
 m - 15 poisoned needles
Armour
 b - a +0 robe (worn)
 i - a +0 cloak (worn)
Jewellery
 g - a cursed amulet of inaccuracy (around neck)
Wands
 l - a wand of flame (3/48)
Scrolls
 f - a scroll of immolation {unknown}
 p - a scroll of amnesia
Potions
 d - a potion of flight
 j - 2 potions of agility {unknown}
 k - 2 potions of heal wounds {unknown}
 o - a potion of magic {unknown}
 t - a potion of resistance {unknown}
Comestibles
 c - 5 bread rations
 s - 2 fruits


   Skills:
 - Level 2.4 Fighting
 * Level 6.7 Short Blades
 - Level 4.4 Dodging
 + Level 6.3 Stealth


You had 5 spell levels left.
You didn't know any spells.

Dungeon Overview and Level Annotations

Branches:
Dungeon (4/15)
 Temple: D:4-7

Altars:
Gozag
Sif Muna
Yredelemnul
The Shining One

Annotations:
D:3 exclusion: door


Innate Abilities, Weirdness & Mutations

You are very small and have problems with some larger weapons.
You are too small for most types of armour.
You have supernaturally acute eyesight. (SInv)
You are a herbivore.
You cover ground extremely quickly.
You need consume almost no food.


Message History

* * * LOW HITPOINT WARNING * * *
Found 3 needles of sleeping.
A centaur comes into view.
The centaur shouts!
The centaur wields a shortbow.
The centaur shoots an arrow.
The arrow hits you.
* * * LOW HITPOINT WARNING * * *
You see here an arrow.
The centaur unwields an uncursed shortbow.
The centaur barely misses you.
You hit the centaur.
The centaur is moderately wounded.
The centaur closely misses you. The centaur closely misses you.
The centaur wields an uncursed shortbow.
The centaur shoots an arrow.
The arrow closely misses you.
Found a glowing golden altar of the Shining One.
The centaur shoots an arrow.
The arrow completely misses you.
A scorpion comes into view.
The centaur shoots an arrow.
The arrow hits you!
You die...

# # ### # #### ###.## #
# ##..###....#####.# #
####................#
###....(...c........s.(
##......###.....@...#
#.....### ##8h..8####
......# ###.### ....###
#...# ..### #._.# ###
#..(# ##### ### #######
.......# #.# #.....#


You could see a centaur, a scorpion (wandering) and a hound.

Vanquished Creatures
  Sigmund (D:2)
  A howler monkey (D:4)
  A bullfrog skeleton (D:3)
  An orc priest (D:4)
  A howler monkey skeleton (D:4)
  3 adders (D:2)
  A worm (D:3)
  2 leopard geckos
  8 orcs
  3 giant cockroaches (D:1)
  9 goblins
  3 hobgoblins
  4 kobolds
  2 ball pythons (D:1)
  5 bats
  5 frilled lizards
  4 rats
54 creatures vanquished.

Vanquished Creatures (others)
  An orc (D:4)
  A frilled lizard (D:4)
2 creatures vanquished.

Grand Total: 56 creatures vanquished

Notes
Turn   | Place    | Note
-------+----------+-------------------------------------------
     0 | D:1      | dysrexia the Spriggan Monk began the quest for the Orb.
     0 | D:1      | Reached XP level 1. HP: 11/11 MP: 2/2
   214 | D:1      | Reached XP level 2. HP: 16/16 MP: 3/3
   921 | D:2      | Noticed Sigmund
   929 | D:2      | Killed Sigmund
   929 | D:2      | Reached skill level 5 in Short Blades
   929 | D:2      | Reached skill level 5 in Stealth
   929 | D:2      | Reached XP level 3. HP: 19/19 MP: 4/4
   929 | D:2      | Reached XP level 4. HP: 23/23 MP: 5/5
   929 | D:2      | Reached XP level 5. HP: 27/27 MP: 6/6
  1059 | D:2      | Found an opulent altar of Gozag.
  1453 | D:3      | Found a basalt altar of Yredelemnul.
  1951 | D:3      | Found a deep blue altar of Sif Muna.
  2906 | D:4      | Reached XP level 6. HP: 19/32 MP: 7/7
  3286 | D:4      | Found a glowing golden altar of the Shining One.
  3289 | D:4      | Shot with an arrow by a centaur

Skill      XL: |  1  2  3  4  5 |
---------------+----------------+-----
Short Blades   | 5 6 |  6.7
Stealth        | 5 6 |  6.3
Fighting       | |  2.4
Dodging        | |  4.4

Action                   |  1- 3 |  4- 6 || total
-------------------------+-------+-------++-------
Melee: Short sword       |    67 |       ||    67
       Rapier            |       |   184 ||   184
  Use: Scroll            |     1 |     5 ||     6
       Potion            |       |     2 ||     2
 Stab: Sleeping          |     5 |     8 ||    13
Armor: Robe              |     6 |     8 ||    14
Dodge: Dodged            |    51 |   131 ||   182
